 Dungeon Crawl Stone Soup version 0.31-a0-187-gba352fbbf7 (webtiles) character file.

Game seed: 964927680775949877

71 qw the Shooter (level 4, -1/25 HPs)
             Began as a Deep Elf Hunter on June 22, 2023.
             Slain by an adder (4 damage)
             ... on level 2 of the Dungeon.
             The game lasted 00:00:37 (1274 turns).

qw the Shooter (Deep Elf Hunter)                    Turns: 1274, Time: 00:00:37

Health: -1/25      AC:  5    Str: 10    XL:     4   Next: 5%
Magic:  6/6        EV: 11    Int: 14    God:
Gold:   155        SH:  0    Dex: 18    Spells: 3/3 levels left

rFire   . . .        Y - +0 shortbow
rCold   . . .        (shield currently unavailable)
rNeg    . . .        h - +0 ring mail
rPois   .            (no helmet)
rElec   .            (no cloak)
rCorr   .            (no gloves)
SInv    .            (no boots)
Will    .....        (no amulet)
Stlth   +            (no ring)
HPRegen 0.24/turn    (no ring)
MPRegen 0.10/turn

%: no passive effects
@: lethally poisoned (-1 -> -4)
A: no striking features
a: no special abilities


You were on level 2 of the Dungeon.
You visited 1 branch of the dungeon, and saw 2 of its levels.

You collected 155 gold pieces.


   Skills:
 - Level 1.5 Fighting
 + Level 7.5 Ranged Weapons
 - Level 2.4 Dodging
 - Level 1.2 Stealth


You had 3 spell levels left.
You didn't know any spells.
Your spell library was empty.

Inventory:

Hand Weapons
 Y - a +0 shortbow (weapon)
Armour
 h - a +0 ring mail (worn)
Scrolls
 a - a scroll of identify
 c - a scroll of blinking {unknown}
 d - a scroll of poison {unknown}
 e - a scroll of noise {unknown}
 j - a scroll of fog {unknown}
Potions
 b - a potion of lignification {unknown}
 f - a potion of curing {unknown}
 g - a potion of brilliance {unknown}
 i - 2 potions of ambrosia {unknown}

Dungeon Overview and Level Annotations

Branches:
Dungeon (2/15)

Altars:


Message History

The adder is severely wounded.
You feel sick.
The kobold hits you with a +0 short sword.
The adder barely misses you. The adder bites you but does no damage.
You shoot an arrow. The arrow hits the adder.
You kill the adder!
You feel sick. The adder closely misses you. The kobold barely misses you.
The adder bites you but does no damage. The kobold hits you but does no damage.
You have reached level 4!
You feel clever.
You shoot an arrow. The arrow closely misses the adder.
You feel sick. The adder barely misses you.
The kobold hits you but does no damage.
You shoot an arrow. The arrow hits the adder.
The adder is heavily wounded.
You feel sick.
You are no longer poisoned.
The adder bites you but does no damage.
The kobold hits you with a +0 short sword.
The adder bites you but does no damage.
You shoot an arrow. The arrow closely misses the adder.
The adder barely misses you. The kobold hits you but does no damage.
You shoot an arrow. The arrow closely misses the adder.
The adder closely misses you.
The kobold hits you with a +0 short sword.
You shoot an arrow. The arrow barely misses the adder.
The adder bites you but does no damage. The kobold hits you but does no damage.
The adder barely misses you.
You shoot an arrow. The arrow closely misses the adder.
The kobold hits you but does no damage. The adder barely misses you.
You shoot an arrow. The arrow closely misses the adder.
The adder bites you.
You are poisoned.
The adder poisons you! The kobold barely misses you. The adder misses you.
The kobold hits you with a +0 short sword.
You shoot an arrow. The arrow barely misses the adder.
You feel sick. The adder barely misses you.
The kobold hits you with a +0 short sword.
You shoot an arrow. The arrow misses the adder.
You feel sick. The adder bites you.
You die...

#.#####....## #....##.#
#+########..####%...##.#
.......###....##....##.#
.......#.............%..
.......#.....).....###.#
.......#...........###.#
.......#.........>..##..
......S#..........####.)
......%@...####+#<......
......K##### #.#######.
....... #.......'.
....... #########.
....... #. ....... #.
....... #. ....... #. ##


You could see an adder and a kobold.

Vanquished Creatures
  3 adders (D:2)
  A dart slug (D:1)
  5 endoplasms
  2 giant cockroaches (D:1)
  3 hobgoblins (D:1)
  2 kobolds
  3 quokkas
  3 ball pythons
  7 bats
  2 frilled lizards
  6 goblins
  4 rats
41 creatures vanquished.

Notes
Turn   | Place    | Note
-------+----------+-------------------------------------------
     0 | D:1      | qw the Deep Elf Hunter began the quest for the Orb.
     0 | D:1      | Reached XP level 1. HP: 12/12 MP: 3/3
     0 | D:1      | 0 ||| qw: Version: 0.3-a-9-g12657ce
     0 | D:1      | 0 ||| qw: Game counter: 2085
     0 | D:1      | 0 ||| qw: Always use a shield: true
     0 | D:1      | 0 ||| qw: God list: Okawaru
     0 | D:1      | 0 ||| qw: Allow faded altars: false
     0 | D:1      | 0 ||| qw: Do Orc after D:15 true
     0 | D:1      | 0 ||| qw: Do second Lair branch before Depths: true
     0 | D:1      | 0 ||| qw: Lair rune preference: random
     0 | D:1      | 0 ||| qw: Plans: Normal
     0 | D:1      | 0 ||| PLANNING D:1-11
   153 | D:1      | Reached skill level 6 in Ranged Weapons
   153 | D:1      | Reached XP level 2. HP: 16/16 MP: 4/4
   637 | D:1      | 637 ||| FLEEEEING.
   638 | D:1      | 638 ||| FLEEEEING.
   639 | D:1      | 639 ||| FLEEEEING.
   640 | D:1      | 640 ||| FLEEEEING.
   641 | D:1      | 641 ||| FLEEEEING.
   642 | D:1      | 642 ||| FLEEEEING.
   643 | D:1      | 643 ||| FLEEEEING.
   644 | D:1      | 644 ||| FLEEEEING.
   645 | D:1      | 645 ||| FLEEEEING.
   646 | D:1      | 646 ||| FLEEEEING.
   647 | D:1      | 647 ||| FLEEEEING.
   648 | D:1      | 648 ||| FLEEEEING.
   649 | D:1      | 649 ||| FLEEEEING.
   650 | D:1      | 650 ||| FLEEEEING.
   651 | D:1      | 651 ||| FLEEEEING.
   652 | D:1      | 652 ||| FLEEEEING.
   653 | D:1      | 653 ||| FLEEEEING.
   654 | D:1      | 654 ||| FLEEEEING.
   655 | D:1      | 655 ||| FLEEEEING.
   703 | D:1      | Reached XP level 3. HP: 20/20 MP: 5/5
   703 | D:1      | Found a faded altar of an unknown god.
   782 | D:1      | 782 ||| UPGRADING to +0 ring mail.
   792 | D:1      | 792 ||| DROPPING +0 leather armour.
   793 | D:1      | 793 ||| READING 2 scrolls labelled RAONEUQIECS.
   794 | D:1      | 794 ||| READING scroll labelled DEIRYE HOCLES.
   798 | D:1      | 798 ||| DRINKING 2 fuming sapphire potions.
   799 | D:1      | 799 ||| DROPPING scroll of butterflies.
   800 | D:1      | 800 ||| DROPPING potion of magic.
   917 | D:2      | Reached skill level 7 in Ranged Weapons
   955 | D:2      | Identified the +0 short sword of the Countless Spirits
                  | {drain, *Noise rPois MP+9 Dex+3}
  1074 | D:2      | 1074 ||| FLEEEEING.
  1075 | D:2      | 1075 ||| FLEEEEING.
  1076 | D:2      | 1076 ||| FLEEEEING.
  1077 | D:2      | 1077 ||| FLEEEEING.
  1266 | D:2      | Reached XP level 4. HP: 12/25 MP: 6/6
  1272 | D:2      | HP: 6/25 [kobold/+0 short sword (2)]
  1274 | D:2      | Slain by an adder

Levels and vault maps discovered:
D:1:      minmay_arrival_glassed_features, layout_basic,
          hellmonk_ecumenical_altar_blasted
D:2:      layout_basic

Skill      XL: |  1  2  3 |
---------------+----------+-----
Ranged Weapons | 6 7 |  7.5
Fighting       | |  1.5
Dodging        | |  2.4
Stealth        | |  1.2

Action                     |  1- 3 |  4- 6 || total
---------------------------+-------+-------++-------
   Fire: Shortbow          |   131 |     9 ||   140
    Use: Scroll            |     2 |       ||     2
         Potion            |     1 |       ||     1
 Armour: Leather armour    |    10 |       ||    10
         Ring mail         |    15 |     7 ||    22
  Dodge: Dodged            |    43 |     8 ||    51

Table legend:
 A = Non-vault XP
 B = Vault XP
 C = Vault XP percentage of total XP
 D = Non-vault monster count
 E = Vault monster count
 F = Vault count percentage of total count
                 A         B        C        D         E       F
            +---------+---------+-------+---------+---------+-------
      Total |     102 |       0 |   0.0 |      41 |       0 |   0.0
            +---------+---------+-------+---------+---------+-------
        D:1 |      47 |       0 |   0.0 |      27 |       0 |   0.0
        D:2 |      55 |       0 |   0.0 |      14 |       0 |   0.0
            +---------+---------+-------+---------+---------+-------
